 Dungeon Crawl Stone Soup version 0.31-a0-986-g5e6e4ef867 (webtiles) character file.

Game seed: 1365745494761166395

180 sammy202020 the Ruffian (level 5, -1/58 HPs)
             Began as a Human Shapeshifter on Nov 9, 2023.
             Was a Follower of Hepliaklqana.
             Succumbed to an orc wizard's poison
             ... on level 4 of the Dungeon.
             The game lasted 00:04:55 (2421 turns).

sammy202020 the Ruffian (Human Shapeshifter)        Turns: 2421, Time: 00:04:55

Health: -1/58      AC: 22    Str: 16    XL:     5   Next: 91%
Magic:  2/5        EV:  2    Int: 10    God:    Hepliaklqana [*.....]
Gold:   241        SH:  0    Dex: 13    Spells: 4/4 levels left

rFire   . .          .
                       - Unarmed
rCold   . . .        (no shield)
rNeg    . . .        o - melded +0 chain mail
rPois   +            (helmet currently unavailable)
rElec   .            (cloak currently unavailable)
rCorr   .            (gloves currently unavailable)
SInv    .            (boots currently unavailable)
Will    +....        h - amulet of guardian spirit
Stlth   +            (no ring)
HPRegen 0.29/turn    (no ring)
MPRegen 0.09/turn

%: guardian spirit
@: lethally poisoned (-1 -> -16), tree-form, hasted, very quick
A: stationary, stasis, torment immunity, boosted hp, reduced essence,
strong-willed 1, robust 1
a: Renounce Religion, Recall Ancestor, Ancestor Identity


You were on level 4 of the Dungeon.
You worshipped Hepliaklqana.
Hepliaklqana was aware of your devotion.
You were a tree.
You visited 1 branch of the dungeon, and saw 4 of its levels.

You collected 241 gold pieces.

Inventory:

Missiles
 i - 2 throwing nets
Armour
 a - a +1 animal skin
 o - a +0 chain mail (melded)
 q - the +4 pair of boots "Suril" {MP+9 Int+4}
   (You acquired it on level 3 of the Dungeon)

   Int+4:     It affects your intelligence (+4).
   MP+9:      It affects your magic capacity (+9).
Jewellery
 h - an amulet of guardian spirit (around neck)
 k - a ring of fire
Talismans
 c - a beast talisman (active)
 d - a flux talisman
 m - a serpent talisman
Wands
 n - a wand of paralysis (13)
Scrolls
 g - a scroll of teleportation
 l - a scroll of revelation
Potions
 b - 3 potions of lignification
 e - a potion of berserk rage
 f - a potion of attraction


   Skills:
 * Level 2.5 Fighting
 + Level 1.4 Armour
 + Level 2.6 Dodging
 * Level 4.1 Unarmed Combat
 * Level 3.8 Shapeshifting


You had 4 spell levels left.
You didn't know any spells.
Your spell library was empty.

Dungeon Overview and Level Annotations

Branches:
Dungeon (4/15)
 Temple: D:4-7

Altars:
Dithmenos
Hepliaklqana
Vehumet


Innate Abilities, Weirdness & Mutations

You are a tree.
Your roots penetrate the ground, keeping you stationary.
You cannot be teleported.
You are immune to unholy pain and torment.
Your maximum health is greatly increased.
Your equipment is partially melded.
Your life essence is reduced to manifest your ancestor. (-10% HP)
You are strong-willed. (Will+)
You are robust. (+10% HP)


Message History

The iguana bites you but does no damage.
The orc wizard hits you but does no damage.
You are lethally poisoned!
Wilfreda hits the orc wizard.
The quokka completely misses you.
You smack the iguana!
The iguana is almost dead.
* * * LOW HITPOINT WARNING * * *
You feel very sick.
The iguana bites you but does no damage.
The orc wizard hits you but does no damage. x2
The quokka barely misses you.
Wilfreda barely misses the orc wizard.
It was a potion of mutation.
You feel extremely strange.
You feel strong-willed.
You feel robust.
* * * LOW HITPOINT WARNING * * *
You feel very sick.
The quokka bites you but does no damage.
The iguana barely misses you.
The orc wizard hits you but does no damage.
A jelly comes into view.
Wilfreda closely misses the quokka.
It was a potion of haste.
You feel yourself speed up.
* * * LOW HITPOINT WARNING * * *
You feel sick. The quokka barely misses you.
The orc wizard hits you but does no damage.
You are more poisoned.
The iguana bites you.
* * * LOW HITPOINT WARNING * * *
The orc wizard completely misses you. The orc hits you with a +0 club.
* * * LOW HITPOINT WARNING * * *
Wilfreda misses the quokka.
The jelly quivers.
You smack the orc wizard!
You kill the orc wizard!
* * * LOW HITPOINT WARNING * * *
You feel very sick.
The quokka bites you but does no damage.
Unknown command.
You smack the iguana!
You kill the iguana!
You die...

.. ###.[....
.###.###.#.....#
...............#
..............#
..............#.
................
.....Rr)†.......
......o♣<......)
......o......J.>
..........#####.
###..(...##
...###..# ####
#..# ...# #...


You could see the friendly Wilfreda the ancestor, a jelly, an orc wizard, an orc
and a quokka.

Vanquished Creatures
  An orc priest (D:3)
  An iguana (D:4)
  An orc wizard (D:4)
  5 adders
  2 worms
  4 orcs (D:3)
  6 endoplasms
  5 giant cockroaches
  6 hobgoblins
  3 quokkas (D:2)
  9 ball pythons
  6 bats
  5 frilled lizards
  10 goblins
  3 kobolds
  2 rats
69 creatures vanquished.

Vanquished Creatures (collateral kills)
  A bat (D:3)
1 creature vanquished.

Grand Total: 70 creatures vanquished

Notes
Turn   | Place    | Note
-------+----------+-------------------------------------------
     0 | D:1      | sammy202020 the Human Shapeshifter began the quest for the
                  | Orb.
     0 | D:1      | Reached XP level 1. HP: 15/15 MP: 1/1
   175 | D:1      | Reached XP level 2. HP: 18/21 MP: 2/2
   520 | D:1      | Reached XP level 3. HP: 26/26 MP: 3/3
   966 | D:2      | Found a hazy altar of Hepliaklqana.
   996 | D:2      | Became a worshipper of Hepliaklqana the Forgotten
  1250 | D:2      | Reached XP level 4. HP: 33/33 MP: 4/4
  1308 | D:2      | Reached skill level 1 in Armour
  1568 | D:3      | Found a radiant altar of Vehumet.
  1638 | D:3      | Reached XP level 5. HP: 27/38 MP: 3/5
  2069 | D:3      | Found a shadowy altar of Dithmenos.
  2096 | D:3      | Found a faded altar of an unknown god.
  2147 | D:3      | Reached * piety under Hepliaklqana
  2215 | D:3      | Reached skill level 4 in Unarmed Combat
  2383 | D:3      | Identified a scroll of acquirement
  2383 | D:3      | Acquired the +4 pair of boots "Suril" {MP+9 Int+4}
  2418 | D:4      | Gained mutation: You are strong-willed. (Will+) [potion of
                  | mutation]
  2418 | D:4      | Gained mutation: You are robust. (+10% HP) [potion of
                  | mutation]
  2420 | D:4      | HP: 2/58 [poisoned by an orc wizard]
  2421 | D:4      | Succumbed to an orc wizard's poison

Illustrated notes

Levels and vault maps discovered:
D:1:      dpeg_arrival_connections, layout_basic
D:2:      layout_rooms, basic_altar
D:3:      layout_loops_cross, mainiacjoe_overflow_alcove_4,
          overflow_temple_1_default, chequers_ecumenical_altar_island
D:4:      layout_rooms, grunt_gozag_statues, chequers_ossuary_entry_cave,
          uniq_pikel, uniq_eustachio

Skill      XL: |  1  2  3  4  5 |
---------------+----------------+-----
Armour         | 1 |  1.4
Fighting       | 2 |  2.5
Unarmed Combat | 4 |  4.1
Dodging        | |  2.6
Shapeshifting  | |  3.8

Action                     |  1- 3 |  4- 6 || total
---------------------------+-------+-------++-------
  Melee: Unarmed           |   100 |    91 ||   191
         Punch             |     3 |     1 ||     4
    Use: Scroll            |     2 |     4 ||     6
         Potion            |       |     5 ||     5
   Stab: Sleeping          |     1 |     1 ||     2
 Armour: Animal skin       |    45 |     7 ||    52
         Chain mail        |       |    64 ||    64
         Skin              |       |    13 ||    13
  Dodge: Dodged            |    62 |    57 ||   119
   Form: Beast             |       |     1 ||     1

Table legend: (Time is in decaauts)
 A = Elapsed time spent in this place.
 B = Non-inter-level travel time spent in this place.
 C = Inter-level travel time spent in this place.
 D = Time resting spent in this place.
 E = Time spent auto-exploring this place.
 F = Levels seen in this place.
 G = Mean time per level.
                   A        B        C        D        E       F      G
               +--------+--------+--------+--------+--------+-----+--------+
         Total |   2413 |   2413 |      0 |    340 |   1496 |   4 |  603.2 |
       Dungeon |   2413 |   2413 |      0 |    340 |   1496 |   4 |  603.2 |
               +--------+--------+--------+--------+--------+-----+--------+

Top non-repeatable levels by time:
     D:3: 957 daAuts
     D:1: 954 daAuts
     D:2: 488 daAuts
     D:4: 12 daAuts
